 Dungeon Crawl Stone Soup version 0.29-a0-1033-gb6c65ffae6 (webtiles) character file.

Game seed: 14504656125726711567

46713 ytrimaz the Warrior (level 14, -14/123 HPs)
             Began as a Demonspawn Berserker on Aug 14, 2022.
             Was a High Priest of Trog.
             Demolished by an orc knight
             ... wielding a +3 great mace of protection
              (27 damage)
             ... on level 2 of the Orcish Mines.
             The game lasted 00:29:42 (14029 turns).

ytrimaz the Warrior (Demonspawn Berserker)         Turns: 14029, Time: 00:29:42

Health: -14/123    AC: 27    Str: 21    XL:     14   Next: 5%
Magic:  14/14      EV: 12    Int: 12    God:    Trog [*****.]
Gold:   1309       SH:  0    Dex: 15    Spells: 13/13 levels left

rFire   . . .      SeeInvis .   a - +2 hand axe (spect)
rCold   . . .      Faith    .   (no shield)
rNeg    . . .      Spirit   .   I - +8 plate armour of the Old and Reckless {Int+4}
rPois   .          Reflect  .   g - +0 helmet
rElec   .          Harm     .   (no cloak)
rCorr   .          Rampage  .   (gloves unavailable)
Will    +....                   (no boots)
Stlth   ..........              q - amulet of regeneration
HPRegen 1.10/turn               h - +4 ring of protection
MPRegen 0.14/turn               C - +4 ring of protection

@: on berserk cooldown, slowed, very slow
A: repulsion field 1, icemail 1, condensation shield, demonic magic 3, demonic
touch 3
a: Renounce Religion, Berserk, Trog's Hand, Brothers in Arms


You were on level 2 of the Orcish Mines.
You worshipped Trog.
Trog was extremely pleased with you.
You visited 4 branches of the dungeon, and saw 19 of its levels.
You also visited: Ice Cave.

You collected 1309 gold pieces.

Inventory:

Hand Weapons
 a - a +2 spectral hand axe (weapon)
 G - a +8 broad axe
Armour
 b - a +0 pair of gloves
 c - a +0 buckler
 g - a +0 helmet (worn)
 l - a +2 troll leather armour {Pargi}
 A - a +0 kite shield
 I - the +8 plate armour of the Old and Reckless (worn) {Int+4}
   (You found it on level 13 of the Dungeon)

   Int:       It affects your intelligence (+4).
Jewellery
 e - a ring of ice
 h - a +4 ring of protection (left hand)
 q - an amulet of regeneration (around neck)
 u - a ring of ice
 x - an amulet of magic regeneration
 z - a ring of flight
 C - a +4 ring of protection (right hand)
Wands
 d - a wand of paralysis (29)
 i - a wand of mindburst (15)
 m - a wand of roots (8)
 s - a wand of flame (35) (quivered)
 E - a wand of polymorph (3)
 F - a wand of digging (7)
 H - a wand of acid (3)
Scrolls
 v - a scroll of brand weapon
 y - a scroll of teleportation
 D - a scroll of blinking
Potions
 f - 4 potions of lignification
 j - 2 potions of magic
 k - 3 potions of might {unknown}
 n - 6 potions of flight
 o - a potion of degeneration {unknown}
 p - a potion of berserk rage {unknown}
 r - 2 potions of attraction
 w - 3 potions of ambrosia
 B - 7 potions of curing
 J - 2 potions of haste {unknown}
Miscellaneous
 K - a lightning rod (4/4)
 L - a box of beasts


   Skills:
 + Level 15.4 Fighting
 - Level 14.0 Axes
 - Level 1.9 Armour
 + Level 11.2 Dodging
 - Level 4.0 Shields
 - Level 0.2 Evocations


You had 13 spell levels left.
You didn't know any spells.
Your spell library was empty.

Dungeon Overview and Level Annotations

Branches:
Dungeon (15/15)            Temple (0/1) D:5            Lair (1/5) D:8
    Orc (2/2) D:10         Vaults (0/5) D:13         Depths (1/4) D:15
  IceCv (visited)
    Elf: Orc:2

Altars:
Cheibriados
Fedhas
Kikubaaqudgha
Nemelex Xobeh
Okawaru
Qazlal
Sif Muna
Uskayaw
Vehumet
Yredelemnul

Shops:
D:3 !   D:4 *

Annotations:
D:7 2 transporters, exclusion: oklob plant, Manisian's ghost, novice TeBe


Innate Abilities, Weirdness & Mutations

You are surrounded by a mild repulsion field. (EV +2)
A meltable icy envelope protects you from harm. (AC +0)
A meltable shield of frost defends you. (SH +0)
Spells you cast and wands you use may paralyse nearby enemies.
Your touch may irresistibly damage your foes and sap their willpower.


Message History

You hit the orc priest. You hit the warg. You closely miss the orc warrior.
Your +2 spectral hand axe hits the orc priest!
You kill the orc priest!
Trog accepts your kill.
Your +2 spectral hand axe hits the orc warrior but does no damage.
The warg bites you!
The orc warrior hits you with a +0 battleaxe!
* * * LOW HITPOINT WARNING * * *
The orc knight hits you but does no damage.
Unknown command.
You feel much better. The warg bites you.
The orc warrior hits you with a +0 battleaxe.
The orc knight hits you with a +3 great mace of protection!
The warg closely misses you.
Okay, then.
Okay, then.
You hit the warg. Your touch misses the warg.
The warg is almost dead.
You hit the orc warrior but do no damage.
You hit the orc knight but do no damage.
Your +2 spectral hand axe hits the orc warrior!
The orc warrior closely misses you.
The orc warrior hits your +2 spectral hand axe with a +0 battleaxe!!
Your spectral weapon shares its damage with you!
Your +2 spectral hand axe fades away.
* * * LOW HITPOINT WARNING * * *
The orc knight completely misses you. The warg barely misses you.
Unknown command.
Aiming: Throw Flame
Press: ? - help, Q - select action, (/) - cycle Shift-Dir - straight line, f - warg
Aim: a warg (almost dead, 60% to hit)
The puff of flame hits the warg.
You kill the warg!
Trog accepts your kill. Malevolent energies surge around you.
The orc warrior suddenly stops moving!
The orc knight hits you with a +3 great mace of protection!
* * * LOW HITPOINT WARNING * * *
The orc knight hits you with a +3 great mace of protection!!
You die...

...#.......#
.....#.....##
....#......## #
............#.###
.......##......##
#.#.....#).).....#
.$.#...##)))....#.
..........).....#
....#)@o.......#
.......o..........
.....ยงยงยง..........
..................
................#.
.............#.##
................
.#.............


You could see an orc knight (weak-willed) and an orc warrior (strong,
paralysed).

Vanquished Creatures
  A sphinx (D:15)
  A stone giant (D:15)
  A vault guard (D:13)
  4 boulder beetles
  An ogre mage (D:15)
  A centaur warrior (D:15)
  Erica (Orc:1)
  8 two-headed ogres
  2 tengu warriors (D:14)
  Amaemon (D:9)
  A fire crab (shapeshifter) (D:15)
  Pikel (D:9)
  2 deep elf pyromancers
  11 ugly things
  An orc knight (Orc:2)
  2 orc sorcerers (Orc:2)
  6 cyclopes
  3 manticores
  2 ice statues (D:14)
  3 gargoyles
  An orange demon (D:9)
  An unseen horror (D:12)
  A kobold demonologist (D:12)
  An efreet (D:15)
  5 trolls
  22 slime creatures
  A hornet (D:10)
  A centaur simulacrum (D:15)
  2 shadows
  A wraith (D:12)
  18 yaks
  A wyvern (D:9)
  5 steam dragons
  2 basilisks
  2 humans (D:13)
  A naga (shapeshifter) (D:13)
  3 vampire mosquitoes (D:11)
  3 wargs (Orc:2)
  2 acid dragons
  5 water moccasins
  2 sky beasts
  Pargi (D:3)
  An ice beast (D:5)
  9 orc warriors
  A black bear (D:8)
  7 ogres
  7 centaurs
  A lemure (D:9)
  2 necrophages (D:5)
  2 kobold brigands
  A gnoll sergeant (D:10)
  A scorpion (D:6)
  6 bullfrogs
  4 wights
  9 killer bees
  6 howler monkeys
  A jelly (D:5)
  18 orc priests
  5 hounds
  A gnoll bouda (D:6)
  5 iguanas
  Natasha (twice) (D:3)
  13 orc wizards
  A statue (D:11)
  13 gnolls
  6 adders
  2 shadow imps
  An ufetubus (D:4)
  2 dart slugs
  49 orcs
  4 ball pythons
  4 endoplasms
  2 giant cockroaches
  5 hobgoblins
  5 jackals (D:4)
  9 kobolds
  5 quokkas
  5 bats
  4 frilled lizards
  7 goblins
  4 rats
364 creatures vanquished.

Vanquished Creatures (collateral kills)
  A hydra (D:13)
  3 vault guards (D:13)
  5 humans (D:13)
  2 orc warriors (Orc:1)
  An orc wizard (Orc:1)
  3 orcs (Orc:1)
15 creatures vanquished.

Vanquished Creatures (others)
  A vault guard (D:13)
  2 ugly things (D:14)
  An orc wizard (D:6)
  A quokka (D:3)
  5 bushes
  3 plants (D:8)
13 creatures vanquished.

Grand Total: 392 creatures vanquished

Notes
Turn   | Place    | Note
-------+----------+-------------------------------------------
     0 | D:1      | ytrimaz the Demonspawn Berserker began the quest for the
                  | Orb.
     0 | D:1      | Reached XP level 1. HP: 18/18 MP: 1/1
   272 | D:1      | Gained mutation: You are surrounded by a mild repulsion
                  | field. (EV +2) [demonic ancestry]
   272 | D:1      | Reached XP level 2. HP: 24/24 MP: 2/2
   834 | D:2      | Reached ** piety under Trog
   916 | D:2      | Reached XP level 3. HP: 18/29 MP: 3/3
  1095 | D:2      | Found a faded altar of an unknown god.
  1722 | D:3      | Gained mutation: A meltable shield of frost defends you.
                  | (SH +0) [demonic ancestry]
  1722 | D:3      | Reached XP level 4. HP: 37/37 MP: 4/4
  1887 | D:3      | Found a snail-covered altar of Cheibriados.
  1897 | D:3      | Found a sparkling altar of Nemelex Xobeh.
  1915 | D:3      | Noticed Pargi
  1926 | D:3      | Killed Pargi
  1927 | D:3      | Reached skill level 4 in Fighting
  1927 | D:3      | Reached XP level 5. HP: 29/42 MP: 5/5
  2227 | D:3      | Found a basalt altar of Yredelemnul.
  2228 | D:3      | Noticed Natasha
  2232 | D:3      | Killed Natasha
  2233 | D:3      | Reached skill level 5 in Axes
  2373 | D:3      | Found Qahannin's Distillery.
  2431 | D:3      | Noticed Natasha
  2436 | D:3      | Killed Natasha
  2774 | D:4      | Found a blossoming altar of Fedhas.
  3095 | D:4      | Reached XP level 6. HP: 48/48 MP: 6/6
  3409 | D:4      | Found Boaguqegg's Gadget Gallery.
  3770 | D:5      | Entered Level 5 of the Dungeon
  3785 | D:5      | Found a staircase to the Ecumenical Temple.
  3848 | D:5      | Noticed an ice beast
  3857 | D:5      | Killed an ice beast
  3919 | D:5      | Found a shimmering blue altar of Sif Muna.
  3935 | D:5      | Reached XP level 7. HP: 37/55 MP: 7/7
  4031 | D:5      | Reached skill level 1 in Shields
  4335 | D:5      | Found an ancient bone altar of Kikubaaqudgha.
  4631 | D:6      | Reached skill level 5 in Fighting
  4647 | D:6      | Noticed a steam dragon
  4659 | D:6      | Killed a steam dragon
  4660 | D:6      | Gained mutation: Spells you cast may paralyse adjacent
                  | enemies. [demonic ancestry]
  4660 | D:6      | Reached XP level 8. HP: 62/62 MP: 8/8
  4712 | D:6      | Found a stormy altar of Qazlal.
  4817 | D:6      | Reached *** piety under Trog
  4917 | D:6      | Found an iron altar of Okawaru.
  5693 | D:7      | Found a transporter.
  5694 | D:7      | Found a transporter.
  5726 | D:7      | Noticed a deep elf pyromancer
  5726 | D:7      | Noticed an oklob plant
  5727 | D:7      | Noticed a seven-headed hydra
  5732 | D:7      | Noticed Manisian's ghost (novice TeBe)
  5753 | D:6      | Reached skill level 6 in Fighting
  5838 | D:6      | Gained mutation: Your touch may inflict minor irresistible
                  | damage on your foes. [demonic ancestry]
  5838 | D:6      | Reached XP level 9. HP: 62/69 MP: 9/9
  6041 | D:7      | Noticed a two-headed ogre
  6050 | D:7      | Killed a two-headed ogre
  6051 | D:7      | Reached skill level 10 in Axes
  6242 | D:8      | Reached **** piety under Trog
  6250 | D:8      | Reached skill level 7 in Fighting
  6269 | D:8      | Found a hide-covered altar of Uskayaw.
  6318 | D:8      | Noticed a gargoyle
  6320 | D:8      | Noticed a troll
  6332 | D:8      | Killed a troll
  6336 | D:8      | Killed a gargoyle
  6337 | D:8      | Gained mutation: A meltable icy envelope protects you from
                  | harm. (AC +0) [demonic ancestry]
  6337 | D:8      | Reached XP level 10. HP: 80/80 MP: 10/10
  6337 | D:8      | Noticed a cyclops
  6366 | D:8      | Killed a cyclops
  6384 | D:8      | Identified the +1 chain mail of the Nightingale {Harm Will+
                  | Regen+}
  6427 | D:8      | Found a staircase to the Lair.
  6592 | D:8      | Reached skill level 8 in Fighting
  6841 | D:8      | Noticed a gargoyle
  6852 | D:8      | Killed a gargoyle
  7164 | D:9      | Noticed a two-headed ogre
  7169 | D:9      | Killed a two-headed ogre
  7223 | D:9      | Noticed Pikel
  7229 | D:9      | Killed Pikel
  7442 | D:9      | Reached skill level 9 in Fighting
  7549 | D:9      | Gained mutation: Spells you cast may paralyse nearby
                  | enemies. [demonic ancestry]
  7549 | D:9      | Reached XP level 11. HP: 81/89 MP: 11/11
  7781 | D:9      | Noticed Amaemon
  7798 | D:9      | Killed Amaemon
  8008 | D:9      | Identified the +2 leather armour of Inquiry {Str+4 Dex+4}
  8023 | D:9      | Reached skill level 10 in Fighting
  8296 | D:10     | Entered Level 10 of the Dungeon
  8337 | D:10     | Found a staircase to the Orcish Mines.
  8491 | D:10     | Paralysed by a hornet for 2 turns
  8634 | D:10     | Reached ***** piety under Trog
  8918 | D:10     | Noticed a two-headed ogre
  8927 | D:10     | Killed a two-headed ogre
  9313 | D:11     | Noticed a two-headed ogre
  9321 | D:11     | Killed a two-headed ogre
  9548 | D:11     | Found a radiant altar of Vehumet.
  9558 | D:11     | Noticed a brown ugly thing
  9568 | D:11     | Killed a brown ugly thing
 10294 | D:12     | Reached skill level 11 in Fighting
 10375 | D:12     | Reached skill level 5 in Dodging
 10375 | D:12     | Gained mutation: Your touch may inflict irresistible damage
                  | on your foes. [demonic ancestry]
 10375 | D:12     | Reached XP level 12. HP: 100/100 MP: 12/12
 10713 | D:12     | Reached skill level 12 in Fighting
 10911 | D:12     | Noticed a two-headed ogre
 10919 | D:12     | Killed a two-headed ogre
 10919 | D:12     | Received a gift from Trog
 11127 | D:13     | Noticed a six-headed hydra
 11128 | D:13     | Killed a vault guard
 11193 | D:13     | Noticed a boulder beetle
 11231 | D:13     | Killed a boulder beetle
 11308 | D:13     | Killed a six-headed hydra
 11400 | D:13     | Reached skill level 13 in Fighting
 11453 | D:13     | Noticed a vault guard
 11453 | D:13     | Noticed a vault guard
 11458 | D:13     | Noticed a vault guard
 11459 | D:13     | Noticed a vault guard
 11460 | D:13     | Killed a vault guard
 11462 | D:13     | Killed a vault guard
 11465 | D:13     | Killed a vault guard
 11473 | D:13     | Killed a vault guard
 11474 | D:13     | Gained mutation: Your touch may irresistibly damage your
                  | foes and sap their willpower. [demonic ancestry]
 11474 | D:13     | Reached XP level 13. HP: 80/111 MP: 13/13
 11477 | D:13     | Found a gate to the Vaults.
 11496 | D:13     | Identified the +8 plate armour of the Old and Reckless
                  | {Int+4}
 11926 | D:14     | Found a frozen archway.
 12042 | IceCv    | Entered an ice cave
 12251 | D:14     | Reached skill level 14 in Fighting
 12719 | D:15     | Entered Level 15 of the Dungeon
 12839 | D:15     | Found a staircase to the Depths.
 12839 | D:15     | Noticed a stone giant
 12890 | D:15     | Reached skill level 10 in Dodging
 12915 | D:15     | Paralysed by an ogre mage for 2 turns
 12981 | D:15     | Killed a stone giant
 13190 | D:15     | Noticed a sphinx
 13201 | D:15     | Killed a sphinx
 13202 | D:15     | Reached skill level 15 in Fighting
 13436 | Depths:1 | Entered Level 1 of the Depths
 13589 | Lair:1   | Entered Level 1 of the Lair of Beasts
 13637 | Orc:1    | Entered Level 1 of the Orcish Mines
 13637 | Orc:1    | Noticed Erica
 13661 | Orc:1    | Killed Erica
 13835 | Orc:2    | Entered Level 2 of the Orcish Mines
 13871 | Orc:2    | Gained mutation: Spells you cast and wands you use may
                  | paralyse nearby enemies. [demonic ancestry]
 13871 | Orc:2    | Reached XP level 14. HP: 114/123 MP: 14/14
 14029 | Orc:2    | Demolished by an orc knight

Illustrated notes

Levels and vault maps discovered:
D:1:      dpeg_arrival_tiny_f, layout_basic, chequers_avenue, solitary_fountain
D:2:      layout_loops_cross, shapermc_ecumenical_altar_venn, moated_statue
D:3:      layout_loops_corners, amethyst_overflow_temple_binary,
          elyvilon_altar_4, mainiacjoe_overflow_six_doors_small, serial_shops,
          shop, uniq_natasha, uniq_pargi
D:4:      layout_basic, fedhas_altar_fruit_tree, nicolae_shop_gadgets
D:5:      layout_loops_ring, mainiacjoe_overflow_small_starburst,
          lemuel_tele_altar, minmay_temple_entry_tees, kennysheep_small_circle
D:6:      layout_cave_pods, okawaru_metal_pillars_3,
          mainiacjoe_overflow_24_doors, minmay_misc_feat_pillars
D:7:      layout_basic, nzn_ghost_randoct
D:8:      layout_cave_pools, nicolae_uskayaw_murder_on_the_dancefloor,
          dpeg_oklobed_lair, minmay_pinched_square
D:9:      layout_loops_corners, uniq_pikel, uniq_amaemon
D:10:     layout_cave_pods, tso_oasis_becter, david_orc_2
D:11:     layout_irregular_city, vehumet_statue
D:12:     layout_roguey, kb_lookout_dungeons_type, st_stairs_13,
          kennysheep_generic_room_15
D:13:     layout_rooms, ximxim_vaults_locker_room
D:14:     layout_basic, portal_ice_cave_entry_ice_statue_two, serial_park_paths
          [serial_park_minivault_5x5_7]
D:15:     grunt_enter_depths_giant_problem, layout_rooms,
          chequers_decorated_corner, kb_rosetta
Lair:1:   layout_gridlike, grunt_megastairs_2
Orc:1:    layout_caves, basic_altar, uniq_erica
Orc:2:    st_orc_elflike, layout_caves
Depths:1: layout_roguey, nicolae_ru_awakened_eye, serial_shops, shop,
          nicolae_hell_entry_hellmouth_sunbeams, guppyfry_shop_venom

Skill      XL: |  1  2  3  4  5  6  7  8  9 10 11 12 13 |
---------------+----------------------------------------+-----
Axes           | 3 4 5 6 8 9 11 12 14 | 14.0
Fighting       | 4 5 6 7 9 11 13 15 | 15.4
Shields        | 1 3 4 |  4.0
Dodging        | 5 8 11 | 11.2
Armour         | |  1.9
Evocations     | |  0.2

Action                   |  1- 3 |  4- 6 |  7- 9 | 10-12 | 13-15 || total
-------------------------+-------+-------+-------+-------+-------++-------
Melee: Hand axe          |    97 |    57 |   216 |   646 |   285 ||  1301
       Punch             |       |     1 |       |       |       ||     1
       Touch             |       |       |       |       |    55 ||    55
       Broad axe         |       |       |       |       |    43 ||    43
Invok: Trog's Hand       |       |     1 |     2 |     2 |     2 ||     7
       Berserk           |       |       |     3 |     5 |     7 ||    15
       Brothers in Arms  |       |       |       |     2 |     1 ||     3
Evoke: Wand              |       |       |       |       |     6 ||     6
  Use: Scroll            |     3 |     3 |     7 |    10 |     6 ||    29
       Potion            |       |       |       |     2 |     2 ||     4
 Stab: Distracted        |       |     2 |     1 |    12 |     6 ||    21
       Sleeping          |       |     1 |       |     1 |       ||     2
       Paralysed         |       |       |       |       |     1 ||     1
Armor: Ring mail         |    27 |     8 |       |       |       ||    35
       Troll leather arm |       |    21 |    61 |   225 |    68 ||   375
       Chain mail        |       |       |       |    13 |       ||    13
       Skin              |       |       |       |     1 |       ||     1
       Plate armour      |       |       |       |       |    34 ||    34
Dodge: Dodged            |    86 |    35 |   103 |   256 |   190 ||   670
Block: Other             |       |     1 |       |       |    19 ||    20
       Buckler           |       |    12 |    79 |   196 |    30 ||   317

Table legend: (Time is in decaauts)
 A = Elapsed time spent in this place.
 B = Non-inter-level travel time spent in this place.
 C = Inter-level travel time spent in this place.
 D = Time resting spent in this place.
 E = Time spent auto-exploring this place.
 F = Levels seen in this place.
 G = Mean time per level.
                   A        B        C        D        E       F      G
               +--------+--------+--------+--------+--------+-----+--------+
         Total |  13856 |  13168 |    688 |    939 |   9225 |  20 |  692.8 |
       Dungeon |  13491 |  12812 |    679 |    939 |   8981 |  15 |  899.4 |
          Lair |      1 |      1 |      0 |      0 |      0 |   1 |    1.0 |
  Orcish Mines |    358 |    349 |      9 |      0 |    244 |   2 |  179.0 |
        Depths |      1 |      1 |      0 |      0 |      0 |   1 |    1.0 |
      Ice Cave |      3 |      3 |      0 |      0 |      0 |   1 |    3.0 |
               +--------+--------+--------+--------+--------+-----+--------+

Top non-repeatable levels by time:
     D:9: 1121 daAuts
     D:2: 1111 daAuts
    D:14: 1108 daAuts
     D:3: 1087 daAuts
     D:6: 1051 daAuts
    D:11: 1039 daAuts
     D:4: 997 daAuts
    D:10: 992 daAuts
     D:8: 932 daAuts
     D:5: 847 daAuts
    D:12: 781 daAuts
    D:15: 756 daAuts
     D:7: 606 daAuts
     D:1: 589 daAuts
    D:13: 468 daAuts
